 Dungeon Crawl Stone Soup version 0.28-a0-503-g83f2989fac (webtiles) character file.

Game seed: 4630473761024607925

48 siradein the Shield-Bearer (level 3, -3/33 HPs)
             Began as a Minotaur Fighter on Sept 21, 2021.
             Killed from afar by Robin (9 damage)
             ... with a puff of flame
             ... on level 2 of the Dungeon.
             The game lasted 00:01:45 (1021 turns).

siradein the Shield-Bearer (Minotaur Fighter)       Turns: 1021, Time: 00:01:46

Health: -3/33      AC:  7    Str: 20    XL:     3   Next: 50%
Magic:  2/2        EV:  9    Int:  5    God:
Gold:   57         SH:  4    Dex: 10    Spells: 2/2 levels left

rFire   . . .      SeeInvis .   a - +0 long sword
rCold   . . .      Faith    .   c - +0 buckler
rNeg    . . .      Spirit   .   b - +0 scale mail
rPois   .          Reflect  .   (helmet restricted)
rElec   .          Harm     .   (no cloak)
rCorr   .          Rampage  .   (no gloves)
Will    .....                   (no boots)
Stlth   ..........              (no amulet)
HPRegen 0.11/turn               (no ring)
MPRegen 0.08/turn               (no ring)

@: no status effects
A: horns 2, retaliatory headbutt
a: no special abilities


You were on level 2 of the Dungeon.
You visited 1 branch of the dungeon, and saw 2 of its levels.

You collected 57 gold pieces.

Inventory:

Hand Weapons
 a - a +0 long sword (weapon)
Missiles
 h - 2 datura-tipped darts
 i - 7 boomerangs (quivered)
Armour
 b - a +0 scale mail (worn)
 c - a +0 buckler (worn)
Scrolls
 e - a scroll of identify {unknown}
 f - a scroll of vulnerability {unknown}
Potions
 d - a potion of might
 g - a potion of attraction {unknown}


   Skills:
 + Level 4.1 Fighting
 + Level 3.1 Long Blades
 + Level 4.1 Armour
 + Level 4.2 Shields


You had 2 spell levels left.
You didn't know any spells.
Your spell library was empty.

Dungeon Overview and Level Annotations

Branches:
Dungeon (2/15)

Altars:

Annotations:
D:2 Robin


Innate Abilities, Weirdness & Mutations

You have a pair of horns on your head.
You reflexively headbutt those who attack you in melee.


Message History

You kill the hobgoblin!
You slash the goblin!
You kill the goblin!
The goblin barely misses you.
You closely miss the goblin. The goblin hits you but does no damage.
You slash the goblin!
You kill the goblin!
Robin throws the goblin at you!
You barely miss the goblin.
You headbutt the goblin, but do no damage.
You block the goblin's attack. The goblin barely misses you. x2
You barely miss the goblin. The goblin misses you.
Robin roars a battlecry!
The goblins go into a battle-frenzy!
You block the goblin's attack. The goblin hits you with a +0 club.
You hit the goblin.
You kill the goblin!
Robin throws the goblin at you! The goblin hits you with a +0 dagger.
The goblin closely misses you.
You closely miss the goblin. The goblin barely misses you.
You furiously retaliate!
You headbutt the goblin. You block the goblin's attack.
You hit the goblin.
The goblin is moderately wounded.
The goblin hits you with a +0 dagger.
* * * LOW HITPOINT WARNING * * *
The goblin hits you with a +0 club.
* * * LOW HITPOINT WARNING * * *
You block the goblin's attack. The goblin misses you.
You hit the goblin.
You kill the goblin!
The goblin closely misses you. You furiously retaliate!
You headbutt the goblin!
You kill the goblin!
Things that are here:
a +0 club; a +0 club Robin throws the goblin at you!
The goblin hits you but does no damage. The goblin closely misses you.
Robin zaps a wand.
The puff of flame hits you!
You die...

######### ........# #############
#######.## #....g.)†g.g#######
#####..# #....######r......##
#......## #...g# ##.####..##
###.......###....# #.gg.g....
..............gg.# ####g≈..##
###.....###>.....# ≈≈#≈#Pg≈.g#
#.....# ###...@#### #≈≈≈≈≈≈gg..
###.#####.........# ##≈≈≈≈≈≈g≈.
### #.###...#.......# ###≈≈≈≈≈g≈
..###.#...###.....<.# ##≈≈≈≈≈≈
......#.#####.......# #...≈≈≈≈P
....................# #...P.≈≈≈≈
##......#####.......####.#..≈≈≈≈≈
##....### #..........#.#...≈.P≈
##....# ##.......>## #.....P≈


You could see Robin, a hobgoblin (strong) and 2 goblins.

Vanquished Creatures
  An adder (D:2)
  A worm (D:2)
  8 endoplasms (D:1)
  7 goblins (D:2)
  3 hobgoblins
  A quokka (D:1)
  A ball python (D:1)
  6 bats
  2 frilled lizards
  A kobold (D:2)
  A rat (D:1)
32 creatures vanquished.

Vanquished Creatures (others)
  A plant (D:2)
1 creature vanquished.

Grand Total: 33 creatures vanquished

Notes
Turn   | Place    | Note
-------+----------+-------------------------------------------
     0 | D:1      | siradein the Minotaur Fighter began the quest for the Orb.
     0 | D:1      | Reached XP level 1. HP: 19/19 MP: 0/0
    62 | D:1      | Found a faded altar of an unknown god.
   171 | D:1      | Reached XP level 2. HP: 10/27 MP: 1/1
   912 | D:2      | Reached XP level 3. HP: 33/33 MP: 2/2
   980 | D:2      | Noticed Robin
  1021 | D:2      | Killed from afar by Robin

Illustrated notes

Levels and vault maps discovered:
D:1:      zelgadis_glass_arrival_small, layout_basic,
          hellmonk_ecumenical_altar_prayer_group
D:2:      layout_rooms, serial_curves, eino_curves_04, eino_curves_02,
          chequers_big_river, uniq_robin, uniq_natasha

Skill      XL: |  1  2 |
---------------+-------+-----
Fighting       | 4 |  4.1
Shields        | 4 |  4.2
Armour         | 4 |  4.1
Long Blades    | 3 |  3.1

Action                   || total
-------------------------++-------
Melee: Long sword        ||    70
       Headbutt          ||     6
Armor: Scale mail        ||    37
Dodge: Dodged            ||    46
Block: Buckler           ||    21

Table legend: (Time is in decaauts)
 A = Elapsed time spent in this place.
 B = Non-inter-level travel time spent in this place.
 C = Inter-level travel time spent in this place.
 D = Time resting spent in this place.
 E = Time spent auto-exploring this place.
 F = Levels seen in this place.
 G = Mean time per level.
                   A        B        C        D        E       F      G
               +--------+--------+--------+--------+--------+-----+--------+
         Total |   1042 |   1042 |      0 |      0 |    819 |   2 |  521.0 |
       Dungeon |   1042 |   1042 |      0 |      0 |    819 |   2 |  521.0 |
               +--------+--------+--------+--------+--------+-----+--------+

Top non-repeatable levels by time:
     D:1: 780 daAuts
     D:2: 261 daAuts
